 Dungeon Crawl Stone Soup version 0.21-a0-137-g951aa02 (webtiles) character file.

55 Charly the Ruffian (level 3, 0/29 HPs)
             Began as a Centaur Skald on July 19, 2017.
             Was an Initiate of Wu Jian.
             Slain by a quasit (1 damage)
             ... summoned by Eustachio
             ... on level 5 of the Dungeon.
             The game lasted 00:04:37 (452 turns).

Charly the Ruffian (Centaur Skald)                   Turns: 452, Time: 00:04:38

Health: 0/29       AC:  3    Str: 13      XL:     3   Next: 67%
Magic:  5/5        EV:  9    Int: 13      God:    Wu Jian [......]
Gold:   7          SH:  0    Dex:  7 (8)  Spells: 4/5 levels left

rFire    . . .     SeeInvis .     - Unarmed
rCold    . . .     Gourm    .   (no shield)
rNeg     . . .     Faith    .   (no armour)
rPois    .         Spirit   .   (no helmet)
rElec    .         Reflect  .   (no cloak)
rCorr    .         Harm     .   (no gloves)
MR       .....                  (no barding)
Stlth    +.........             (no amulet)
HPRegen  0.09/turn              (no ring)
MPRegen  0.09/turn              (no ring)

@: very quick
A: hooves 3, deformed body, speed 2, tough skin 3
a: Renounce Religion


You were on level 5 of the Dungeon.
You worshipped Wu Jian.
Wu Jian was noncommittal.
You were not hungry.

You visited 1 branch of the dungeon, and saw 5 of its levels.

You collected 7 gold pieces.

Inventory:

Hand Weapons
 i - a +2 dagger of venom
Armour
 a - a +0 leather armour
Scrolls
 e - a scroll of immolation {unknown}
 h - a scroll of identify
Books
 b - a book of Battle

   Spells                             Type                      Level
   a - Infusion                       Charms                       1
   b - Shroud of Golubria             Charms/Translocation         2
   c - Song of Slaying                Charms                       2
   d - Spectral Weapon                Hexes/Charms                 3
   e - Regeneration                   Charms/Necromancy            3
Comestibles
 c - 2 bread rations
 g - a meat ration


   Skills:
 - Level 2.0 Fighting
 - Level 0.6 Armour
 - Level 1.3 Dodging
 - Level 3.4 Unarmed Combat
 - Level 1.5 Spellcasting
 + Level 3.3 Charms


You had 4 spell levels left.
You knew the following spells:

 Your Spells              Type           Power        Failure   Level  Hunger
a - Infusion              Chrm           #...         7%          1    ##.....


Dungeon Overview and Level Annotations

Branches:
Dungeon (5/15)
 Temple: D:4-7

Altars:
Elyvilon
Fedhas
Gozag
Makhleb
Okawaru
Uskayaw
Vehumet
Wu Jian

Annotations:
D:5 Eustachio


Innate Abilities, Weirdness & Mutations

You have hooves in place of feet.
Armour fits poorly on your strangely shaped body.
You cover ground very quickly.
You have extremely tough skin. (AC +3)


Message History

You feel clumsy. The bat hits you but does no damage.
Eustachio mumbles some strange words.
Eustachio blinks!
The river rat bites you but does no damage.
You hit the river rat.
The river rat is moderately wounded.
The bat hits you but does no damage. x2; The rat bites you but does no damage.
The quasit bites you but does no damage.
The quasit claws you but does no damage. x2
The river rat barely misses you.
Unknown command.
You smack the river rat!
You kill the river rat!
The river rat's corpse disappears in a puff of smoke!
You feel less wooden. The bat barely misses you.
The quasit bites you but does no damage.
The quasit closely misses you. The quasit claws you.
You die...

.
#########..
#..........
#..........
#<.5...§...
#.r§5......
#..@b..5..@
####'##....
..# ###
.... .....
.......
!......
.###...


You could see Eustachio, an iron imp, a quasit, a crimson imp, a bat and a rat.

Vanquished Creatures
  A bullfrog skeleton (D:5)
  An adder (D:3)
  A leopard gecko (D:3)
  2 bats (D:2)
  2 giant cockroaches (D:3)
  4 goblins
  2 hobgoblins
  A kobold (D:3)
  A rat (D:3)
15 creatures vanquished.

Notes
Turn   | Place    | Note
-------+----------+-------------------------------------------
     0 | D:1      | Charly the Centaur Skald began the quest for the Orb.
     0 | D:1      | Reached XP level 1. HP: 17/17 MP: 3/3
   184 | D:1      | Reached XP level 2. HP: 23/24 MP: 2/4
   291 | D:3      | Found a radiant altar of Vehumet.
   299 | D:3      | Found a hide-covered altar of Uskayaw.
   302 | D:3      | Found an ornate altar of the Wu Jian Council.
   302 | D:3      | Found a blossoming altar of Fedhas.
   302 | D:3      | Found an iron altar of Okawaru.
   302 | D:3      | Found a burning altar of Makhleb.
   302 | D:3      | Found a white marble altar of Elyvilon.
   304 | D:3      | Found an opulent altar of Gozag.
   307 | D:3      | Became a worshipper of the Wu Jian Council
   417 | D:5      | Entered Level 5 of the Dungeon
   420 | D:5      | Noticed Eustachio
   444 | D:5      | Noticed a crimson imp
   449 | D:5      | HP: 1/36 [quasit[Eustachio] (1)]
   450 | D:5      | Reached XP level 3. HP: 2/29 MP: 5/5
   452 | D:5      | Slain by a quasit

Vault maps used:
D:1:      elethiomel_arrival_quiet, minmay_misc_feat_nine_boxes
D:2:      uniq_terence
D:3:      vehumet_crystals, grunt_temple_overflow_open, first_bread,
          nicolae_tso_swordbearing_angel
D:4:      lemuel_doored_altar, temple_statues, kennysheep_generic_room_9,
          uniq_crazy_yiuf_cottage
D:5:      serial_glass, glass_columns_c, glass_columns_a, feat_on_display,
          minmay_fountain_box, uniq_menkaure, uniq_eustachio

Skill      XL: |  1  2 |
---------------+-------+-----
Unarmed Combat | 3 |  3.4
Charms         | 3 |  3.3
Fighting       | |  2.0
Armour         | |  0.6
Dodging        | |  1.3
Spellcasting   | |  1.5

Action                   || total
-------------------------++-------
Melee: Unarmed           ||    64
       Kick              ||     5
       Dagger            ||     3
 Cast: Infusion          ||     8
  Use: Potion            ||     2
       Scroll            ||     1
Armor: Leather armour    ||    20
       Skin              ||    76
Dodge: Dodged            ||    28
